 Dungeon Crawl Stone Soup version 0.28-a0-664-gc179e30c89 (webtiles) character file.

Game seed: 1886102732092740094

54 KristoblXynda the Cutter (level 4, -1/28 HPs)
             Began as a Kobold Gladiator on Oct 16, 2021.
             Slain by a killer bee zombie (5 damage)
             ... on level 3 of the Dungeon.
             The game lasted 00:01:50 (1768 turns).

KristoblXynda the Cutter (Kobold Gladiator)         Turns: 1768, Time: 00:01:51

Health: -1/28      AC:  4    Str: 12    XL:     4   Next: 12%
Magic:  4/4        EV: 15    Int:  9    God:
Gold:   61         SH:  0    Dex: 16    Spells: 3/3 levels left

rFire   . . .      SeeInvis .   a - +0 rapier
rCold   . . .      Faith    .   (shield restricted)
rNeg    . . .      Spirit   .   b - +0 leather armour
rPois   .          Reflect  .   c - +0 helmet
rElec   .          Harm     .   (no cloak)
rCorr   .          Rampage  .   (no gloves)
Will    .....                   (no boots)
Stlth   +++.......              (no amulet)
HPRegen 0.09/turn               (no ring)
MPRegen 0.09/turn               (no ring)

@: brilliant, attractive
A: small, no large weapons, nightstalker 3
a: no special abilities


You were on level 3 of the Dungeon.
You visited 1 branch of the dungeon, and saw 3 of its levels.

You collected 61 gold pieces.

Inventory:

Hand Weapons
 a - a +0 rapier (weapon)
Armour
 b - a +0 leather armour (worn)
 c - a +0 helmet (worn)
 o - a +0 buckler
 q - a +1 scale mail of fire resistance
Scrolls
 e - a scroll of magic mapping {unknown}
 f - a scroll of blinking {unknown}
 h - a scroll of teleportation {unknown}
 i - 2 scrolls of identify {unknown}
 p - a scroll of amnesia {unknown}
Potions
 k - a potion of brilliance
 l - a potion of curing {unknown}
 m - a potion of cancellation {unknown}
 n - a potion of berserk rage {unknown}


   Skills:
 + Level 3.0 Fighting
 + Level 4.7 Short Blades
 - Level 2.1 Throwing
 + Level 4.2 Dodging
 + Level 1.7 Stealth


You had 3 spell levels left.
You didn't know any spells.
Your spell library contained the following spells:

 Spells                   Type           Power      Damage    Failure   Level
 Ensorcelled Hibernation  Hex/Ice        0%         N/A       61%         2
 Spider Form              Tmut/Pois      0%         N/A       83%         3


Dungeon Overview and Level Annotations

Branches:
Dungeon (3/15)

Altars:


Innate Abilities, Weirdness & Mutations

You are small and have problems with some larger weapons.
You are completely attuned to the shadows.


Message History

The killer bee zombie is moderately damaged.
The killer bee zombie struggles against the net.
You hit the killer bee zombie.
The killer bee zombie is heavily damaged.
The killer bee zombie struggles against the net. x2
The net rips apart, and the killer bee zombie comes free!
You closely miss the killer bee zombie.
The killer bee zombie is heavily damaged.
The killer bee zombie closely misses you.
The killer bee zombie hits you.
You closely miss the killer bee zombie.
The killer bee zombie is heavily damaged.
The killer bee zombie hits you.
* * * LOW HITPOINT WARNING * * *
The killer bee zombie misses you.
You closely miss the killer bee zombie.
The killer bee zombie is heavily damaged.
The killer bee zombie hits you.
* * * LOW HITPOINT WARNING * * *
The killer bee zombie hits you but does no damage.
It was a potion of brilliance.
You feel clever all of a sudden.
The killer bee zombie barely misses you.
It was a potion of heal wounds.
You feel much better.
The killer bee zombie closely misses you.
The killer bee zombie hits you!
* * * LOW HITPOINT WARNING * * *
Unknown command.
Throw: throwing net
Press: ? - help, Q - select action Shift-Dir - straight line, f/p - killer bee zombie
Aim: a killer bee zombie (heavily damaged, 51% to hit)
You throw a throwing net.
The throwing net closely misses the killer bee zombie.
The killer bee zombie hits you.
* * * LOW HITPOINT WARNING * * *
The killer bee zombie closely misses you.
It was a potion of attraction.
You feel attractive to monsters. The killer bee zombie hits you.
You die...

#.########## #....
#..........#####....
#.########....##....
#.## ####..)....
#..# ####...< ##.#
#.... #.# ......
#.####. .......
#.@.... #.#....
##?Z### ##... #...#
)....# .....(


You could see a killer bee zombie.

Vanquished Creatures
  2 adders (D:2)
  A worm (D:2)
  4 bats
  2 endoplasms (D:1)
  A giant cockroach (D:2)
  4 goblins
  4 hobgoblins
  2 jackals (D:2)
  5 ball pythons
  A frilled lizard (D:2)
  2 kobolds
  5 rats
33 creatures vanquished.

Notes
Turn   | Place    | Note
-------+----------+-------------------------------------------
     0 | D:1      | KristoblXynda the Kobold Gladiator began the quest for the
                  | Orb.
     0 | D:1      | Reached XP level 1. HP: 12/12 MP: 1/1
   201 | D:1      | Found a faded altar of an unknown god.
   288 | D:1      | Reached XP level 2. HP: 18/18 MP: 2/2
  1203 | D:2      | Reached XP level 3. HP: 22/22 MP: 3/3
  1278 | D:2      | Reached skill level 1 in Stealth
  1665 | D:2      | Reached XP level 4. HP: 28/28 MP: 4/4
  1768 | D:3      | Slain by a killer bee zombie

Illustrated notes

Levels and vault maps discovered:
D:1:      eino_arrival_cavern_b, layout_basic, basic_ecumenical_altar
D:2:      layout_loops_ring, kennysheep_potato
D:3:      layout_rooms

Skill      XL: |  1  2  3 |
---------------+----------+-----
Dodging        | 4 |  4.2
Stealth        | 1 |  1.7
Fighting       | 3 |  3.0
Short Blades   | |  4.7
Throwing       | |  2.1

Action                   |  1- 3 |  4- 6 || total
-------------------------+-------+-------++-------
Melee: Rapier            |    72 |    16 ||    88
Throw: Throwing net      |       |     3 ||     3
  Use: Potion            |       |     3 ||     3
 Stab: Sleeping          |    10 |       ||    10
Armor: Leather armour    |    16 |     2 ||    18
Dodge: Dodged            |    50 |    18 ||    68

Table legend: (Time is in decaauts)
 A = Elapsed time spent in this place.
 B = Non-inter-level travel time spent in this place.
 C = Inter-level travel time spent in this place.
 D = Time resting spent in this place.
 E = Time spent auto-exploring this place.
 F = Levels seen in this place.
 G = Mean time per level.
                   A        B        C        D        E       F      G
               +--------+--------+--------+--------+--------+-----+--------+
         Total |   1769 |   1688 |     81 |      0 |   1447 |   3 |  589.7 |
       Dungeon |   1769 |   1688 |     81 |      0 |   1447 |   3 |  589.7 |
               +--------+--------+--------+--------+--------+-----+--------+

Top non-repeatable levels by time:
     D:1: 936 daAuts
     D:2: 782 daAuts
     D:3: 50 daAuts
